Senators vs Stars

Created - 16 mars 2018 at 17:59

Goals
1 2 3 T
Senators 1 2 0 3
Stars 3 0 3 6
Shots
1 2 3 T
Senators 9 13 10 32
Stars 8 8 9 25

1st period

1. Stars , Ryan Nugent-Hopkins 18 (Paul Byron 20, Kyle Okposo 21) at 12:57
2. Stars , Ryan Nugent-Hopkins 19 (Paul Byron 21, Kyle Okposo 22) at 16:15
3. Stars , Jack Eichel 24 (Jakub Voracek 20, Jonathan Huberdeau 22) at 17:38 (PP)
4. Senators , Niklas Hjalmarsson 12 (Jussi Jokinen 24, Mike Hoffman 37) at 19:48 (PP)

Penalties :
Jeff Petry (DAL) for Holding (Minor) at 3:21, Michael Stone (OTT) for Roughing (Minor) at 16:38, Paul Byron (DAL) for High sticking (Minor) at 19:42

2nd period

5. Senators , Brayden Schenn 27 (Tyler Seguin 37) at 1:50
6. Senators , Michael Stone 10 (Drew Miller 10, Jussi Jokinen 25) at 11:07

Penalties :
John Mitchell (DAL) for Tripping (Minor) at 2:07

3rd period

7. Stars , Jonny Brodzinski 3 (Jonathan Huberdeau 23, John Mitchell 5) at 7:58
8. Stars , Jack Eichel 25 (Jonathan Huberdeau 24, Duncan Keith 30) at 8:27
9. Stars , Kyle Okposo 9 (Paul Byron 22, John Klingberg 25) at 8:47

Penalties :
Tommy Wingels (DAL) for Roughing (Minor) at 10:33, Brandon Manning (DAL) for High sticking (Minor) at 18:45

Goalie Stats

Craig Anderson (OTT), 17 saves from 22 shots - (0.773), L, 19-21-3, 48:27 minutes
Andrew Hammond (OTT), 2 saves from 3 shots - (0.667), 11:33 minutes
Jonathan Quick (DAL), 29 saves from 32 shots - (0.906), W, 29-21-12, 60:00 minutes

Players Stats for Senators

Player Name              G  A  P  +/- PIM S  H  SB GA TA FO     MP     PP MP  PK MP  
------------------------------------------------------------------------------------
Anton Lander             0  0  0   0  0   1  2  0  0  0  4/7     8:27   3:15   0:12 
Brayden Schenn           1  0  1  -3  0   6  5  0  0  0  0/0    20:32   4:02   0:00 
Danny DeKeyser           0  0  0   0  0   0  0  0  0  0  0/0     5:09   0:05   0:12 
Devin Setoguchi          0  0  0  -3  0   0  1  0  0  0  0/0    16:30   0:00   0:00 
Drew Miller              0  1  1   1  0   2  1  1  0  0  0/0    11:13   0:00   0:48 
Eric Staal               0  0  0  -1  0   2  1  0  0  0  15/31  19:48   0:00   0:00 
Jason Garrison           0  0  0  -1  0   0  1  0  0  0  0/0    20:48   3:25   0:33 
Jussi Jokinen            0  2  2   1  0   0  1  0  0  0  4/7    14:53   3:15   0:12 
Kevin Bieksa             0  0  0  -1  0   0  5  1  0  0  0/0    24:14   3:30   0:27 
Lauri Korpikoski         0  0  0   1  0   1  0  0  0  0  6/12   14:21   0:00   0:00 
Mark Stone               0  0  0  -1  0   4  0  0  0  0  0/0    23:25   3:58   0:00 
Matt Puempel             0  0  0   0  0   1  0  0  0  0  0/0     5:38   0:05   0:00 
Michael Stone            1  0  1  -1  2   2  2  0  0  0  0/0    20:52   3:25   0:00 
Mike Hoffman             0  1  1  -1  0   8  1  1  0  0  1/2    22:53   3:14   0:00 
Niklas Hjalmarsson       1  0  1  -1  0   3  0  1  0  0  0/0    20:40   3:47   0:00 
Robbie Russo             0  0  0  -1  0   0  1  5  0  0  0/0    13:54   0:00   0:21 
Tyler Seguin             0  1  1  -3  0   2  0  0  0  0  25/34  21:20   4:02   0:48 
Zbynek Michalek          0  0  0  -1  0   0  0  1  0  0  0/0    14:22   0:22   0:27 

Players Stats for Stars

Player Name              G  A  P  +/- PIM S  H  SB GA TA FO     MP     PP MP  PK MP  
------------------------------------------------------------------------------------
Brandon Manning          0  0  0   1  2   0  2  0  0  0  0/0    13:02   0:00   0:54 
Devin Shore              0  0  0  -1  0   2  0  0  0  0  10/21  15:16   0:00   1:14 
Duncan Keith             0  1  1   1  0   0  1  2  0  0  0/0    27:59   0:44   3:49 
Jack Eichel              2  0  2   0  0   5  1  0  0  0  12/28  18:26   0:16   0:21 
Jakub Voracek            0  1  1   0  0   2  0  0  0  0  0/0    18:05   0:16   0:00 
Jeff Petry               0  0  0   1  2   0  0  0  0  0  0/0    14:03   0:00   1:55 
John Klingberg           0  1  1   1  0   2  1  4  0  0  0/0    20:24   0:44   0:25 
John Mitchell            0  1  1   1  2   0  2  0  0  0  4/6     7:00   0:00   1:27 
Jonathan Huberdeau       0  3  3   1  0   1  2  0  0  0  0/1    23:59   0:16   1:17 
Jonny Brodzinski         1  0  1   1  0   1  0  0  0  0  0/2     5:34   0:00   0:00 
Kyle Okposo              1  2  3   3  0   3  2  0  0  0  0/0    15:02   0:44   0:00 
Michael Bournival        0  0  0   0  0   0  0  0  0  0  0/0     0:33   0:00   0:00 
Paul Byron               0  3  3   3  2   2  1  0  0  0  1/4    19:08   0:44   3:59 
Rasmus Ristolainen       0  0  0   1  0   0  1  2  0  0  0/0    19:52   0:16   3:28 
Richard Panik            0  0  0  -1  0   0  1  0  0  0  0/0    14:42   0:00   0:24 
Ryan Nugent-Hopkins      2  0  2   3  0   5  3  0  0  0  11/30  19:17   0:44   4:15 
Tommy Wingels            0  0  0  -1  2   2  3  2  0  0  0/1    15:38   0:00   1:37 
Zdeno Chara              0  0  0   1  0   0  6  0  0  0  0/0    24:38   0:16   4:03 

3 Stars

1 - Ryan Nugent-Hopkins (DAL)
2 - Kyle Okposo (DAL)
3 - Jack Eichel (DAL)

Power Play

Senators - 1 on 5 Attempt(s) - 20.00%
Stars - 1 on 1 Attempt(s) - 100.00%

Penalty Kill

Senators - 0 on 1 Attempt(s) - 0.00% - Score 0 goal in Penalty Kill
Stars - 4 on 5 Attempt(s) - 80.00% - Score 0 goal in Penalty Kill

Team Stat

Senators - Hits : 21 - Faceoff Wins : 55 - Blocked Shots : 10 - Penalty Minutes : 2
Stars - Hits : 26 - Faceoff Wins : 38 - Blocked Shots : 10 - Penalty Minutes : 10

Official

Referees : Frederick L'Ecuyer and Francis Charron
Linesman : John Grandt and Lonnie Cameron

Game Notes

Andrew Hammond enters game at 8:27 of 3rd period

Finance

Level 1 -- Attendance: 3040 (50.67%) -- Ticket Income 562 400 $
Level 2 -- Attendance: 2753 (55.06%) -- Ticket Income 357 890 $
Level 3 -- Attendance: 1699 (84.95%) -- Ticket Income 178 395 $
Level 4 -- Attendance: 1313 (28.97%) -- Ticket Income 98 475 $
Luxury Box -- Attendance: 523 (52.30%) -- Ticket Income 188 280 $
Game was played at the American Airlines Center.
Total Attendance: 9328 (50.33%)
Total Ticket Income: 1 385 440 $
Other Income: 207 816 $
Total Income: 1 593 256 $

% Time on Ice - Senators

Lines # - Real PCT - Wanted PCT - Time Play
Normal Forward
1 - 38% - 40% - 19:27
2 - 32% - 30% - 16:30
3 - 20% - 20% - 10:25
4 - 10% - 10% - 5:21
Normal Defense
1 - 33% - 40% - 16:53
2 - 33% - 30% - 16:50
3 - 26% - 20% - 13:33
4 - 9% - 10% - 4:27
PP Forward
1 - 55% - 60% - 4:02
2 - 45% - 40% - 3:15
PP Defense
1 - 53% - 60% - 3:51
2 - 47% - 40% - 3:26
PK Forward
1 - 80% - 60% - 0:48
2 - 20% - 40% - 0:12
PK Defense
1 - 45% - 60% - 0:27
2 - 55% - 40% - 0:33
PK3 Forward
1 - 0% - 60%
2 - 0% - 40%
PK3 Defense
1 - 0% - 60%
2 - 0% - 40%
44 Forward
1 - 0% - 60%
2 - 0% - 40%
44 Defense
1 - 0% - 60%
2 - 0% - 40%
Last Minute Offensive  - 0:00
Last Minute Defensive  - 0:00
Total
Forward - 60:00
Defense - 60:00

% Time on Ice - Stars

Lines # - Real PCT - Wanted PCT - Time Play
Normal Forward
1 - 34% - 40% - 17:49
2 - 28% - 30% - 14:18
3 - 27% - 20% - 14:02
4 - 11% - 10% - 5:34
Normal Defense
1 - 39% - 40% - 20:19
2 - 31% - 30% - 15:57
3 - 23% - 20% - 12:09
4 - 6% - 10% - 3:18
PP Forward
1 - 27% - 60% - 0:16
2 - 73% - 40% - 0:44
PP Defense
1 - 73% - 60% - 0:44
2 - 27% - 40% - 0:16
PK Forward
1 - 69% - 60% - 5:00
2 - 31% - 40% - 2:17
PK Defense
1 - 52% - 60% - 3:49
2 - 48% - 40% - 3:28
PK3 Forward
1 - 0% - 60%
2 - 0% - 40%
PK3 Defense
1 - 0% - 60%
2 - 0% - 40%
44 Forward
1 - 0% - 60%
2 - 0% - 40%
44 Defense
1 - 0% - 60%
2 - 0% - 40%
Last Minute Offensive  - 0:00
Last Minute Defensive  - 0:00
Total
Forward - 60:00
Defense - 60:00

Play by Play

1st period


0:01 of 1st period - Eric Staal wins face-off versus Jonathan Huberdeau in neutral zone.
0:08 of 1st period - Shot by Mike Hoffman.
0:08 of 1st period - Stopped by Jonathan Quick without a rebound.
0:09 of 1st period - Tyler Seguin wins face-off versus Ryan Nugent-Hopkins in Stars zone.
1:05 of 1st period - Zdeno Chara is hit by Brayden Schenn and loses puck.
1:26 of 1st period - Shot by Mike Hoffman.
1:26 of 1st period - Stopped by Jonathan Quick without a rebound.
1:27 of 1st period - Lauri Korpikoski wins face-off versus Devin Shore in Stars zone.
1:31 of 1st period - Icing by Jeff Petry.
1:32 of 1st period - Lauri Korpikoski wins face-off versus Devin Shore in Stars zone.
1:56 of 1st period - Off-side.
1:57 of 1st period - John Mitchell wins face-off versus Eric Staal in neutral zone.
2:02 of 1st period - Shot by John Klingberg.
2:02 of 1st period - Stopped by Craig Anderson without a rebound.
2:03 of 1st period - Jack Eichel wins face-off versus Eric Staal in Senators zone.
2:20 of 1st period - Shot by Eric Staal.
2:20 of 1st period - Shot Misses the Net.
2:22 of 1st period - Shot by Mark Stone.
2:22 of 1st period - Shot Misses the Net.
2:39 of 1st period - Mike Hoffman is hit by Zdeno Chara and loses puck.
3:08 of 1st period - Off-side.
3:09 of 1st period - Tyler Seguin wins face-off versus Devin Shore in neutral zone.
3:21 of 1st period - Minor Penalty to Jeff Petry for Holding.
3:22 of 1st period - Ryan Nugent-Hopkins wins face-off versus Tyler Seguin in Stars zone.
3:22 of 1st period - Ryan Nugent-Hopkins is hit by Brayden Schenn.
3:31 of 1st period - Icing by Tyler Seguin.
3:32 of 1st period - Tyler Seguin wins face-off versus Ryan Nugent-Hopkins in Senators zone.
3:38 of 1st period - Off-side.
3:39 of 1st period - Jussi Jokinen wins face-off versus Ryan Nugent-Hopkins in neutral zone.
4:39 of 1st period - Shot by Michael Stone.
4:39 of 1st period - Stopped by Jonathan Quick without a rebound.
4:40 of 1st period - Tyler Seguin wins face-off versus John Mitchell in Stars zone.
6:30 of 1st period - Shot by Devin Shore.
6:30 of 1st period - Stopped by Craig Anderson without a rebound.
6:31 of 1st period - Tyler Seguin wins face-off versus Ryan Nugent-Hopkins in Senators zone.
6:45 of 1st period - Michael Stone is hit by Kyle Okposo and loses puck.
7:12 of 1st period - Shot by Ryan Nugent-Hopkins.
7:12 of 1st period - Shot Misses the Net.
7:40 of 1st period - Shot by Eric Staal.
7:40 of 1st period - Shot Misses the Net.
7:42 of 1st period - Shot by Niklas Hjalmarsson.
7:42 of 1st period - Shot Misses the Net.
7:44 of 1st period - Shot by Kevin Bieksa.
7:44 of 1st period - Shot Misses the Net.
8:55 of 1st period - Shot by Anton Lander.
8:55 of 1st period - Stopped by Jonathan Quick without a rebound.
8:56 of 1st period - Lauri Korpikoski wins face-off versus Ryan Nugent-Hopkins in Stars zone.
8:56 of 1st period - Jussi Jokinen is hit by Zdeno Chara and loses puck.
9:50 of 1st period - Brayden Schenn is hit by Tommy Wingels.
10:41 of 1st period - Icing by Jeff Petry.
10:42 of 1st period - Anton Lander wins face-off versus Tommy Wingels in Stars zone.
11:41 of 1st period - Shot by Jonathan Huberdeau.
11:41 of 1st period - Shot Misses the Net.
11:49 of 1st period - Jakub Voracek is hit by Anton Lander and loses puck.
12:00 of 1st period - Shot by Eric Staal.
12:00 of 1st period - Shot Misses the Net.
12:10 of 1st period - Shot by Mark Stone.
12:10 of 1st period - Deflect By Mike Hoffman.
12:10 of 1st period - Shot Blocked by Duncan Keith.
12:16 of 1st period - Shot by Mike Hoffman.
12:16 of 1st period - Stopped by Jonathan Quick without a rebound.
12:17 of 1st period - Paul Byron wins face-off versus Tyler Seguin in Stars zone.
12:17 of 1st period - Paul Byron is hit by Brayden Schenn.
12:27 of 1st period - Shot by Brayden Schenn.
12:27 of 1st period - Stopped by Jonathan Quick without a rebound.
12:28 of 1st period - Eric Staal wins face-off versus Paul Byron in Stars zone.
12:30 of 1st period - Mike Hoffman is hit by Zdeno Chara and loses puck.
12:43 of 1st period - Shot by Kyle Okposo.
12:43 of 1st period - Stopped by Craig Anderson without a rebound.
12:44 of 1st period - Tyler Seguin wins face-off versus Ryan Nugent-Hopkins in Senators zone.
12:46 of 1st period - Brayden Schenn is hit by Kyle Okposo and loses puck.
12:53 of 1st period - Shot by Paul Byron.
12:53 of 1st period - Shot Misses the Net.
12:55 of 1st period - Shot by Ryan Nugent-Hopkins.
12:55 of 1st period - Stopped by Craig Anderson with a rebound.
12:57 of 1st period - Shot by Paul Byron.
12:57 of 1st period - Deflect By Ryan Nugent-Hopkins.
12:57 of 1st period - Goal by Ryan Nugent-Hopkins - Senators : 0 - Stars : 1.
12:58 of 1st period - Devin Shore wins face-off versus Eric Staal in neutral zone.
13:04 of 1st period - Icing by Kevin Bieksa.
13:05 of 1st period - Eric Staal wins face-off versus Devin Shore in Senators zone.
13:12 of 1st period - Icing by Rasmus Ristolainen.
13:13 of 1st period - Eric Staal wins face-off versus Devin Shore in Stars zone.
13:30 of 1st period - Shot by Eric Staal.
13:30 of 1st period - Shot Blocked by John Klingberg.
13:48 of 1st period - Off-side.
13:49 of 1st period - Lauri Korpikoski wins face-off versus Jack Eichel in neutral zone.
13:58 of 1st period - Shot by Jussi Jokinen.
13:58 of 1st period - Shot Misses the Net.
14:38 of 1st period - Drew Miller is hit by Jonathan Huberdeau and loses puck.
15:00 of 1st period - Paul Byron is hit by Kevin Bieksa and loses puck.
15:06 of 1st period - Off-side.
15:07 of 1st period - Devin Shore wins face-off versus Eric Staal in neutral zone.
15:14 of 1st period - Shot by Mark Stone.
15:14 of 1st period - Shot Blocked by Rasmus Ristolainen.
15:18 of 1st period - Shot by Mike Hoffman.
15:18 of 1st period - Stopped by Jonathan Quick with a rebound.
15:20 of 1st period - Shot by Mark Stone.
15:20 of 1st period - Shot Blocked by John Klingberg.
15:22 of 1st period - Shot by Zbynek Michalek.
15:22 of 1st period - Shot Blocked by John Klingberg.
15:24 of 1st period - Shot by Mark Stone.
15:24 of 1st period - Shot Misses the Net.
15:40 of 1st period - Shot by Mike Hoffman.
15:40 of 1st period - Stopped by Jonathan Quick without a rebound.
15:41 of 1st period - Ryan Nugent-Hopkins wins face-off versus Tyler Seguin in Stars zone.
15:41 of 1st period - Kyle Okposo is hit by Brayden Schenn and loses puck.
16:01 of 1st period - Paul Byron is hit by Kevin Bieksa.
16:03 of 1st period - Shot by Kyle Okposo.
16:03 of 1st period - Shot Blocked by Kevin Bieksa.
16:09 of 1st period - Shot by Kyle Okposo.
16:09 of 1st period - Shot Blocked by Niklas Hjalmarsson.
16:15 of 1st period - Shot by Ryan Nugent-Hopkins.
16:15 of 1st period - Goal by Ryan Nugent-Hopkins - Senators : 0 - Stars : 2.
16:16 of 1st period - Jack Eichel wins face-off versus Eric Staal in neutral zone.
16:22 of 1st period - Icing by Jason Garrison.
16:23 of 1st period - Eric Staal wins face-off versus Jack Eichel in Senators zone.
16:38 of 1st period - Minor Penalty to Michael Stone for Roughing.
16:39 of 1st period - Tyler Seguin wins face-off versus Paul Byron in Senators zone.
17:11 of 1st period - Robbie Russo is hit by Ryan Nugent-Hopkins and loses puck.
17:38 of 1st period - Shot by Jack Eichel.
17:38 of 1st period - Goal by Jack Eichel - Senators : 0 - Stars : 3.
17:39 of 1st period - Devin Shore wins face-off versus Eric Staal in neutral zone.
17:43 of 1st period - Jeff Petry is hit by Kevin Bieksa and loses puck.
17:59 of 1st period - Jeff Petry is hit by Eric Staal and loses puck.
18:30 of 1st period - Shot by Jack Eichel.
18:30 of 1st period - Stopped by Craig Anderson without a rebound.
18:31 of 1st period - Tyler Seguin wins face-off versus Jonny Brodzinski in Senators zone.
18:31 of 1st period - Tyler Seguin is hit by John Mitchell.
19:23 of 1st period - Icing by Zbynek Michalek.
19:24 of 1st period - Tyler Seguin wins face-off versus Ryan Nugent-Hopkins in Senators zone.
19:42 of 1st period - Minor Penalty to Paul Byron for High sticking.
19:43 of 1st period - Jussi Jokinen wins face-off versus Ryan Nugent-Hopkins in Stars zone.
19:46 of 1st period - Shot by Mike Hoffman.
19:46 of 1st period - Deflect By Jussi Jokinen.
19:46 of 1st period - Shot Misses the Net.
19:48 of 1st period - Shot by Niklas Hjalmarsson.
19:48 of 1st period - Goal by Niklas Hjalmarsson - Senators : 1 - Stars : 3.
19:49 of 1st period - Devin Shore wins face-off versus Eric Staal in neutral zone.
Goals for this period are 1 for Senators vs 3 for Stars.
Shots for this period are 9 for Senators vs 8 for Stars.

2nd period


0:01 of 2nd period - Eric Staal wins face-off versus Jack Eichel in neutral zone.
0:05 of 2nd period - Icing by Zdeno Chara.
0:06 of 2nd period - Jack Eichel wins face-off versus Eric Staal in Stars zone.
1:34 of 2nd period - Off-side.
1:35 of 2nd period - Tyler Seguin wins face-off versus Devin Shore in neutral zone.
1:48 of 2nd period - Shot by Brayden Schenn.
1:48 of 2nd period - Shot Misses the Net.
1:50 of 2nd period - Shot by Brayden Schenn.
1:50 of 2nd period - Goal by Brayden Schenn - Senators : 2 - Stars : 3.
1:51 of 2nd period - John Mitchell wins face-off versus Anton Lander in neutral zone.
2:07 of 2nd period - Minor Penalty to John Mitchell for Tripping.
2:08 of 2nd period - Tyler Seguin wins face-off versus Ryan Nugent-Hopkins in Stars zone.
2:09 of 2nd period - Shot by Brayden Schenn.
2:09 of 2nd period - Shot Misses the Net.
2:11 of 2nd period - Shot by Brayden Schenn.
2:11 of 2nd period - Shot Misses the Net.
2:53 of 2nd period - Icing by Mark Stone.
2:54 of 2nd period - Ryan Nugent-Hopkins wins face-off versus Tyler Seguin in Senators zone.
3:23 of 2nd period - Shot by Mike Hoffman.
3:23 of 2nd period - Shot Blocked by Tommy Wingels.
3:25 of 2nd period - Shot by Niklas Hjalmarsson.
3:25 of 2nd period - Stopped by Jonathan Quick with a rebound.
3:27 of 2nd period - Shot by Niklas Hjalmarsson.
3:27 of 2nd period - Stopped by Jonathan Quick with a rebound.
4:18 of 2nd period - Shot by Jack Eichel.
4:18 of 2nd period - Stopped by Craig Anderson without a rebound.
4:19 of 2nd period - Tyler Seguin wins face-off versus John Mitchell in Senators zone.
4:19 of 2nd period - Tyler Seguin is hit by John Mitchell.
4:27 of 2nd period - Shot by Jonathan Huberdeau.
4:27 of 2nd period - Stopped by Craig Anderson without a rebound.
4:28 of 2nd period - Jack Eichel wins face-off versus Lauri Korpikoski in Senators zone.
4:39 of 2nd period - Shot by Jonathan Huberdeau.
4:39 of 2nd period - Shot Blocked by Robbie Russo.
5:02 of 2nd period - Jonathan Huberdeau is hit by Drew Miller.
5:24 of 2nd period - Robbie Russo is hit by Tommy Wingels and loses puck.
6:15 of 2nd period - Shot by Paul Byron.
6:15 of 2nd period - Stopped by Craig Anderson without a rebound.
6:16 of 2nd period - Tyler Seguin wins face-off versus Jonny Brodzinski in Senators zone.
7:10 of 2nd period - Off-side.
7:11 of 2nd period - Ryan Nugent-Hopkins wins face-off versus Eric Staal in neutral zone.
7:14 of 2nd period - Mike Hoffman is hit by Ryan Nugent-Hopkins and loses puck.
7:37 of 2nd period - Shot by Ryan Nugent-Hopkins.
7:37 of 2nd period - Stopped by Craig Anderson with a rebound.
7:39 of 2nd period - Shot by Ryan Nugent-Hopkins.
7:39 of 2nd period - Shot Misses the Net.
7:41 of 2nd period - Shot by Ryan Nugent-Hopkins.
7:41 of 2nd period - Shot Misses the Net.
7:48 of 2nd period - Icing by Niklas Hjalmarsson.
7:49 of 2nd period - Eric Staal wins face-off versus Devin Shore in Senators zone.
7:57 of 2nd period - Shot by Richard Panik.
7:57 of 2nd period - Deflect By Tommy Wingels.
7:57 of 2nd period - Stopped by Craig Anderson without a rebound.
7:58 of 2nd period - Lauri Korpikoski wins face-off versus Devin Shore in Senators zone.
8:04 of 2nd period - Drew Miller is hit by Zdeno Chara and loses puck.
8:13 of 2nd period - Shot by Lauri Korpikoski.
8:13 of 2nd period - Shot Blocked by Duncan Keith.
8:22 of 2nd period - Jussi Jokinen is hit by Zdeno Chara and loses puck.
8:29 of 2nd period - Shot by Jussi Jokinen.
8:29 of 2nd period - Deflect By Drew Miller.
8:29 of 2nd period - Stopped by Jonathan Quick without a rebound.
8:30 of 2nd period - Tyler Seguin wins face-off versus Jack Eichel in Stars zone.
9:07 of 2nd period - Shot by Jakub Voracek.
9:07 of 2nd period - Shot Misses the Net.
9:09 of 2nd period - Shot by Jakub Voracek.
9:09 of 2nd period - Stopped by Craig Anderson without a rebound.
9:10 of 2nd period - Ryan Nugent-Hopkins wins face-off versus Eric Staal in Senators zone.
9:59 of 2nd period - Icing by Niklas Hjalmarsson.
10:00 of 2nd period - Jack Eichel wins face-off versus Eric Staal in Senators zone.
10:21 of 2nd period - Shot by Jonathan Huberdeau.
10:21 of 2nd period - Deflect By Jakub Voracek.
10:21 of 2nd period - Shot Blocked by Drew Miller.
10:23 of 2nd period - Shot by John Klingberg.
10:23 of 2nd period - Stopped by Craig Anderson without a rebound.
10:24 of 2nd period - Devin Shore wins face-off versus Tyler Seguin in Senators zone.
10:45 of 2nd period - Shot by Tyler Seguin.
10:45 of 2nd period - Stopped by Jonathan Quick with a rebound.
10:47 of 2nd period - Shot by Zbynek Michalek.
10:47 of 2nd period - Deflect By Brayden Schenn.
10:47 of 2nd period - Stopped by Jonathan Quick without a rebound.
10:48 of 2nd period - Jack Eichel wins face-off versus Lauri Korpikoski in Stars zone.
11:05 of 2nd period - Shot by Drew Miller.
11:05 of 2nd period - Shot Misses the Net.
11:07 of 2nd period - Shot by Michael Stone.
11:07 of 2nd period - Goal by Michael Stone - Senators : 3 - Stars : 3.
11:08 of 2nd period - Tyler Seguin wins face-off versus Ryan Nugent-Hopkins in neutral zone.
11:08 of 2nd period - Tyler Seguin is hit by Ryan Nugent-Hopkins.
11:25 of 2nd period - Off-side.
11:26 of 2nd period - Eric Staal wins face-off versus Jack Eichel in neutral zone.
11:29 of 2nd period - Shot by Mark Stone.
11:29 of 2nd period - Stopped by Jonathan Quick without a rebound.
11:30 of 2nd period - Jack Eichel wins face-off versus Eric Staal in Stars zone.
11:40 of 2nd period - Icing by Jason Garrison.
11:41 of 2nd period - Eric Staal wins face-off versus Ryan Nugent-Hopkins in Senators zone.
11:51 of 2nd period - Icing by Michael Stone.
11:52 of 2nd period - Mike Hoffman wins face-off versus Jack Eichel in Senators zone.
12:04 of 2nd period - Icing by Duncan Keith.
12:05 of 2nd period - Tyler Seguin wins face-off versus Jack Eichel in Stars zone.
12:06 of 2nd period - Shot by Brayden Schenn.
12:06 of 2nd period - Stopped by Jonathan Quick without a rebound.
12:07 of 2nd period - Tyler Seguin wins face-off versus Jack Eichel in Stars zone.
12:08 of 2nd period - Shot by Brayden Schenn.
12:08 of 2nd period - Stopped by Jonathan Quick with a rebound.
13:23 of 2nd period - Shot by Eric Staal.
13:23 of 2nd period - Shot Misses the Net.
13:25 of 2nd period - Shot by Jason Garrison.
13:25 of 2nd period - Shot Misses the Net.
13:55 of 2nd period - Shot by Lauri Korpikoski.
13:55 of 2nd period - Shot Misses the Net.
13:57 of 2nd period - Shot by Drew Miller.
13:57 of 2nd period - Stopped by Jonathan Quick with a rebound.
14:16 of 2nd period - Jakub Voracek is hit by Brayden Schenn and loses puck.
14:34 of 2nd period - Icing by Kevin Bieksa.
14:35 of 2nd period - Ryan Nugent-Hopkins wins face-off versus Tyler Seguin in Senators zone.
14:41 of 2nd period - Icing by Brayden Schenn.
14:42 of 2nd period - Ryan Nugent-Hopkins wins face-off versus Tyler Seguin in Senators zone.
16:31 of 2nd period - Icing by Tyler Seguin.
16:32 of 2nd period - Tyler Seguin wins face-off versus Ryan Nugent-Hopkins in Senators zone.
16:44 of 2nd period - Jeff Petry is hit by Michael Stone.
17:19 of 2nd period - Shot by John Mitchell.
17:19 of 2nd period - Shot Misses the Net.
17:21 of 2nd period - Shot by Jonny Brodzinski.
17:21 of 2nd period - Shot Misses the Net.
17:54 of 2nd period - Off-side.
17:55 of 2nd period - Jack Eichel wins face-off versus Lauri Korpikoski in neutral zone.
17:57 of 2nd period - Duncan Keith is hit by Robbie Russo and loses puck.
18:14 of 2nd period - Shot by Jakub Voracek.
18:14 of 2nd period - Shot Misses the Net.
18:16 of 2nd period - Shot by Jonathan Huberdeau.
18:16 of 2nd period - Shot Misses the Net.
18:18 of 2nd period - Shot by Jakub Voracek.
18:18 of 2nd period - Shot Misses the Net.
18:50 of 2nd period - Shot by Ryan Nugent-Hopkins.
18:50 of 2nd period - Stopped by Craig Anderson without a rebound.
18:51 of 2nd period - Devin Shore wins face-off versus Anton Lander in Senators zone.
19:02 of 2nd period - Shot by Anton Lander.
19:02 of 2nd period - Deflect By Mike Hoffman.
19:02 of 2nd period - Stopped by Jonathan Quick without a rebound.
19:03 of 2nd period - Devin Shore wins face-off versus Mike Hoffman in Stars zone.
19:18 of 2nd period - Shot by Mike Hoffman.
19:18 of 2nd period - Shot Blocked by John Klingberg.
19:20 of 2nd period - Shot by Eric Staal.
19:20 of 2nd period - Deflect By Mike Hoffman.
19:20 of 2nd period - Shot Blocked by Tommy Wingels.
19:27 of 2nd period - Shot by Mike Hoffman.
19:27 of 2nd period - Stopped by Jonathan Quick without a rebound.
19:28 of 2nd period - Jack Eichel wins face-off versus Anton Lander in Stars zone.
19:36 of 2nd period - Lauri Korpikoski is hit by Duncan Keith.
19:44 of 2nd period - Shot by Jakub Voracek.
19:44 of 2nd period - Deflect By Jack Eichel.
19:44 of 2nd period - Shot Misses the Net.
Goals for this period are 2 for Senators vs 0 for Stars.
Shots for this period are 13 for Senators vs 8 for Stars.

3rd period


0:01 of 3rd period - Eric Staal wins face-off versus Jack Eichel in neutral zone.
0:01 of 3rd period - Eric Staal is hit by Jack Eichel.
0:05 of 3rd period - Shot by Mike Hoffman.
0:05 of 3rd period - Deflect By Eric Staal.
0:05 of 3rd period - Shot Misses the Net.
0:27 of 3rd period - Shot by Mark Stone.
0:27 of 3rd period - Stopped by Jonathan Quick without a rebound.
0:28 of 3rd period - Tyler Seguin wins face-off versus Ryan Nugent-Hopkins in Stars zone.
0:43 of 3rd period - Shot by Tyler Seguin.
0:43 of 3rd period - Stopped by Jonathan Quick without a rebound.
0:44 of 3rd period - Devin Shore wins face-off versus Lauri Korpikoski in Stars zone.
0:55 of 3rd period - Icing by Robbie Russo.
0:56 of 3rd period - Jack Eichel wins face-off versus Lauri Korpikoski in Senators zone.
1:05 of 3rd period - Shot by Jakub Voracek.
1:05 of 3rd period - Shot Blocked by Robbie Russo.
1:09 of 3rd period - Shot by Jack Eichel.
1:09 of 3rd period - Shot Misses the Net.
1:25 of 3rd period - Shot by Jakub Voracek.
1:25 of 3rd period - Shot Blocked by Robbie Russo.
1:27 of 3rd period - Shot by Jakub Voracek.
1:27 of 3rd period - Stopped by Craig Anderson without a rebound.
1:28 of 3rd period - Ryan Nugent-Hopkins wins face-off versus Eric Staal in Senators zone.
1:43 of 3rd period - Shot by Mike Hoffman.
1:43 of 3rd period - Stopped by Jonathan Quick without a rebound.
1:44 of 3rd period - Tyler Seguin wins face-off versus Devin Shore in Stars zone.
2:13 of 3rd period - Shot by Devin Shore.
2:13 of 3rd period - Stopped by Craig Anderson without a rebound.
2:14 of 3rd period - Eric Staal wins face-off versus Jack Eichel in Senators zone.
2:14 of 3rd period - Eric Staal is hit by Jonathan Huberdeau.
2:57 of 3rd period - Icing by Duncan Keith.
2:58 of 3rd period - Anton Lander wins face-off versus Jack Eichel in Stars zone.
3:26 of 3rd period - Shot by Kyle Okposo.
3:26 of 3rd period - Shot Misses the Net.
3:35 of 3rd period - Off-side.
3:36 of 3rd period - Tyler Seguin wins face-off versus Devin Shore in neutral zone.
3:41 of 3rd period - Shot by Brayden Schenn.
3:41 of 3rd period - Shot Misses the Net.
4:01 of 3rd period - Shot by Devin Shore.
4:01 of 3rd period - Shot Blocked by Zbynek Michalek.
4:19 of 3rd period - Shot by Kyle Okposo.
4:19 of 3rd period - Deflect By Ryan Nugent-Hopkins.
4:19 of 3rd period - Shot Blocked by Robbie Russo.
4:29 of 3rd period - Shot by Kyle Okposo.
4:29 of 3rd period - Stopped by Craig Anderson with a rebound.
4:43 of 3rd period - Shot by Paul Byron.
4:43 of 3rd period - Deflect By Kyle Okposo.
4:43 of 3rd period - Shot Blocked by Robbie Russo.
4:45 of 3rd period - Shot by Zdeno Chara.
4:45 of 3rd period - Shot Misses the Net.
5:12 of 3rd period - Off-side.
5:13 of 3rd period - Eric Staal wins face-off versus Jack Eichel in neutral zone.
5:43 of 3rd period - Icing by Niklas Hjalmarsson.
5:44 of 3rd period - Devin Shore wins face-off versus Eric Staal in Senators zone.
5:53 of 3rd period - Shot by Mark Stone.
5:53 of 3rd period - Stopped by Jonathan Quick without a rebound.
5:54 of 3rd period - Lauri Korpikoski wins face-off versus Ryan Nugent-Hopkins in Stars zone.
6:04 of 3rd period - Jussi Jokinen is hit by Zdeno Chara and loses puck.
6:59 of 3rd period - Shot by Eric Staal.
6:59 of 3rd period - Shot Blocked by Rasmus Ristolainen.
7:07 of 3rd period - Shot by Mark Stone.
7:07 of 3rd period - Shot Misses the Net.
7:10 of 3rd period - Icing by Rasmus Ristolainen.
7:11 of 3rd period - Anton Lander wins face-off versus Devin Shore in Stars zone.
7:11 of 3rd period - Anton Lander is hit by John Klingberg.
7:41 of 3rd period - Shot by Jack Eichel.
7:41 of 3rd period - Shot Misses the Net.
7:47 of 3rd period - Shot by Jack Eichel.
7:47 of 3rd period - Stopped by Craig Anderson without a rebound.
7:48 of 3rd period - John Mitchell wins face-off versus Tyler Seguin in Senators zone.
7:58 of 3rd period - Shot by Jonny Brodzinski.
7:58 of 3rd period - Goal by Jonny Brodzinski - Senators : 3 - Stars : 4.
7:59 of 3rd period - Jack Eichel wins face-off versus Eric Staal in neutral zone.
8:04 of 3rd period - Icing by Robbie Russo.
8:05 of 3rd period - Eric Staal wins face-off versus Ryan Nugent-Hopkins in Senators zone.
8:09 of 3rd period - Off-side.
8:10 of 3rd period - Eric Staal wins face-off versus Jack Eichel in neutral zone.
8:17 of 3rd period - Jonathan Huberdeau is hit by Jason Garrison.
8:27 of 3rd period - Shot by Jack Eichel.
8:27 of 3rd period - Goal by Jack Eichel - Senators : 3 - Stars : 5.
8:27 of 3rd period - Andrew Hammond enters game.
8:28 of 3rd period - Tyler Seguin wins face-off versus Paul Byron in neutral zone.
8:47 of 3rd period - Shot by Kyle Okposo.
8:47 of 3rd period - Goal by Kyle Okposo - Senators : 3 - Stars : 6.
8:48 of 3rd period - Jack Eichel wins face-off versus Eric Staal in neutral zone.
9:23 of 3rd period - Icing by Duncan Keith.
9:24 of 3rd period - Jussi Jokinen wins face-off versus Jack Eichel in Stars zone.
9:29 of 3rd period - Shot by Lauri Korpikoski.
9:29 of 3rd period - Stopped by Jonathan Quick without a rebound.
9:30 of 3rd period - Ryan Nugent-Hopkins wins face-off versus Lauri Korpikoski in Stars zone.
10:32 of 3rd period - Niklas Hjalmarsson is hit by Richard Panik.
10:33 of 3rd period - Minor Penalty to Tommy Wingels for Roughing.
10:34 of 3rd period - Tyler Seguin wins face-off versus Ryan Nugent-Hopkins in Stars zone.
11:07 of 3rd period - Shot by Tyler Seguin.
11:07 of 3rd period - Deflect By Mark Stone.
11:07 of 3rd period - Shot Misses the Net.
11:11 of 3rd period - Shot by Mark Stone.
11:11 of 3rd period - Stopped by Jonathan Quick without a rebound.
11:12 of 3rd period - John Mitchell wins face-off versus Jussi Jokinen in Stars zone.
12:07 of 3rd period - Shot by Tyler Seguin.
12:07 of 3rd period - Shot Misses the Net.
12:15 of 3rd period - Shot by Brayden Schenn.
12:15 of 3rd period - Stopped by Jonathan Quick without a rebound.
12:16 of 3rd period - Ryan Nugent-Hopkins wins face-off versus Jussi Jokinen in Stars zone.
12:16 of 3rd period - Ryan Nugent-Hopkins is hit by Mike Hoffman.
12:51 of 3rd period - Shot by Eric Staal.
12:51 of 3rd period - Shot Misses the Net.
12:53 of 3rd period - Shot by Eric Staal.
12:53 of 3rd period - Stopped by Jonathan Quick without a rebound.
12:54 of 3rd period - Tyler Seguin wins face-off versus Jack Eichel in Stars zone.
13:08 of 3rd period - Off-side.
13:09 of 3rd period - Eric Staal wins face-off versus Ryan Nugent-Hopkins in neutral zone.
13:24 of 3rd period - Kyle Okposo is hit by Michael Stone.
13:32 of 3rd period - Shot by Ryan Nugent-Hopkins.
13:32 of 3rd period - Deflect By Kyle Okposo.
13:32 of 3rd period - Shot Blocked by Mike Hoffman.
14:09 of 3rd period - Ryan Nugent-Hopkins is hit by Devin Setoguchi and loses puck.
14:19 of 3rd period - Icing by Kevin Bieksa.
14:20 of 3rd period - Tyler Seguin wins face-off versus Jack Eichel in Senators zone.
14:29 of 3rd period - Shot by Devin Setoguchi.
14:29 of 3rd period - Shot Misses the Net.
14:50 of 3rd period - Jakub Voracek is hit by Kevin Bieksa and loses puck.
14:58 of 3rd period - Jack Eichel is hit by Kevin Bieksa and loses puck.
16:18 of 3rd period - Shot by Eric Staal.
16:18 of 3rd period - Stopped by Jonathan Quick with a rebound.
16:22 of 3rd period - Shot by Eric Staal.
16:22 of 3rd period - Shot Misses the Net.
16:49 of 3rd period - Shot by Lauri Korpikoski.
16:49 of 3rd period - Shot Misses the Net.
16:53 of 3rd period - Shot by Matt Puempel.
16:53 of 3rd period - Stopped by Jonathan Quick without a rebound.
16:54 of 3rd period - Anton Lander wins face-off versus Ryan Nugent-Hopkins in Stars zone.
16:54 of 3rd period - Robbie Russo is hit by Rasmus Ristolainen and loses puck.
17:12 of 3rd period - Shot by Paul Byron.
17:12 of 3rd period - Stopped by Andrew Hammond without a rebound.
17:13 of 3rd period - Devin Shore wins face-off versus Tyler Seguin in Senators zone.
17:46 of 3rd period - Shot by Tommy Wingels.
17:46 of 3rd period - Stopped by Andrew Hammond with a rebound.
17:59 of 3rd period - Kevin Bieksa is hit by Tommy Wingels and loses puck.
18:03 of 3rd period - Niklas Hjalmarsson is hit by Brandon Manning and loses puck.
18:23 of 3rd period - Eric Staal is hit by Brandon Manning and loses puck.
18:45 of 3rd period - Minor Penalty to Brandon Manning for High sticking.
18:46 of 3rd period - Ryan Nugent-Hopkins wins face-off versus Jussi Jokinen in Stars zone.
18:46 of 3rd period - Ryan Nugent-Hopkins is hit by Anton Lander.
18:53 of 3rd period - Icing by Jussi Jokinen.
18:54 of 3rd period - Jussi Jokinen wins face-off versus Ryan Nugent-Hopkins in Senators zone.
18:54 of 3rd period - Jussi Jokinen is hit by Paul Byron.
19:00 of 3rd period - Duncan Keith is hit by Jussi Jokinen.
Goals for this period are 0 for Senators vs 3 for Stars.
Shots for this period are 10 for Senators vs 9 for Stars.